AoeStats
← Blazing Cartesia, The Virtuous

Arabia

510330604Analyzed
1v1 RM · 14h ago on Sep 30, 2026· 39m 20s· 2 players
Game mode
Random Map
Map size
Tiny (2 player)
Population
200
Speed
Normal
Resources
Standard
Victory
Conquest
Starting age
Dark Age
Ending age
Imperial Age
RankedLock teamsTeams togetherTeam positionsShared explorationLock speedFull tech treeHidden civsTurbo modeCheats
Victory
Defeat
🇨🇳 Bulgarians · China
1305
+15
1279
-15
Blazing Cartesia, The Virtuous
6:23 Loom
6:53 Loom
9:37 Feudal Age
10:17 Double-Bit Axe
10:13 Horse Collar
20:23 Castle Age
18:45 Gold Mining
21:15 Heavy Plow
21:27 Bow Saw
20:53 Pikeman
23:04 Scale Mail Armor
25:06 Fletching
26:19 Bloodlines
37:59 Chain Mail Armor
_TY_梦涯
5:53 Loom
8:52 Feudal Age
9:52 Double-Bit Axe
17:31 Wheelbarrow
20:12 Castle Age
19:07 Scale Barding Armor
19:12 Forging
19:41 Bloodlines
19:23 Gold Mining
20:26 Horse Collar
21:28 Chain Barding Armor
21:44 Iron Casting
21:33 Husbandry
22:16 Iron Casting
34:13 Gold Shaft Mining
35:44 Fletching
38:12 Scale Mail Armor
Connection lost

Rejoining the realm…

Still unreachable

The connection could not be restored.

Session expired

The server has moved on; the page needs a fresh start.